 Dungeon Crawl Stone Soup version 0.26-a0-757-g626ac9e51a (webtiles) character file.

Game seed: 528753030294262878

29 miscthings the Chopper (level 3, -5/33 HPs)
             Began as a Palentonga Delver on Nov 8, 2020.
             Slain by a sky beast (6 damage)
             ... on level 5 of the Dungeon.
             The game lasted 00:00:19 (46 turns).

miscthings the Chopper (Palentonga Delver)            Turns: 46, Time: 00:00:19

Health: -5/33      AC:  4    Str: 16    XL:     3   Next: 1%
Magic:  3/3        EV:  9    Int: 10    God:
Gold:   31         SH:  0    Dex: 11    Spells: 2/2 levels left

rFire    . . .     SeeInvis +   a - +0 hand axe
rCold    . . .     Faith    .   (no shield)
rNeg     . . .     Spirit   .   b - +0 leather armour
rPois    .         Reflect  .   (no helmet)
rElec    .         Harm     .   (no cloak)
rCorr    .         Rampage  .   (no gloves)
MR       .....                  (no barding)
Stlth    ++........             (no amulet)
HPRegen  0.11/turn              (no ring)
MPRegen  0.08/turn              (no ring)

@: no status effects
A: large, rugged brown scales 3, see invisible, deformed body, roll, armoured
tail
a: Rolling Charge


You were on level 5 of the Dungeon.
You visited 1 branch of the dungeon, and saw 1 of its levels.

You collected 31 gold pieces.

Inventory:

Hand Weapons
 a - a +0 hand axe (weapon)
Armour
 b - a +0 leather armour (worn)
Wands
 g - a wand of digging (3)
Scrolls
 c - a scroll of fog
 d - a scroll of magic mapping
 e - a scroll of fear
Potions
 f - a potion of haste
 h - a potion of curing {unknown}


   Skills:
 - Level 3.0 Fighting
 + Level 3.5 Axes
 - Level 1.5 Dodging
 - Level 3.3 Stealth


You had 2 spell levels left.
You didn't know any spells.
Your spell library was empty.

Dungeon Overview and Level Annotations

Branches:
Dungeon (5/15)
 Temple: D:4-7

Altars:


Innate Abilities, Weirdness & Mutations

You are completely covered in rugged brown scales. (AC +3, +7% HP)
You have supernaturally acute eyesight. (SInv)
Armour fits poorly on your strangely shaped body.
You can roll at foes to attack.
You have a long armoured tail.


Message History

You feel stronger.
h - a black potion Roll where?
Press: ? - help, Dir - move target cursor, f - frilled lizard
Aim: a frilled lizard You roll forward with a clatter of scales!
You miss the frilled lizard.
A sky beast comes into view.
The frilled lizard bites you but does no damage.
You slash the frilled lizard!
You kill the frilled lizard!
The sky beast flickers out of sight for a moment.
The sky beast barely misses you.
The sky beast hits you but does no damage.
The sky beast closely misses you.
There is a stone staircase leading up here.
The sky beast hits you.
* * * LOW HITPOINT WARNING * * *
The sky beast shocks you.
You die...

######## +.. #......#
#.. #......# ##.
#......# ## #......# +.
#####....[.# #. #.
#...#......###+##.
##...##...)...........#.
.......@Y.##.....##...#.
..........##.....##..##.
##...##..............##.
### #.................
#...##.....##..##.
#...##.....##..##.
....##.....##.....
#..............##.
...........##.


You could see a sky beast (invisible).

Vanquished Creatures
  A worker ant (D:5)
  An adder zombie (D:5)
  A leopard gecko (D:5)
  A frilled lizard (D:5)
4 creatures vanquished.

Notes
Turn   | Place    | Note
-------+----------+-------------------------------------------
     0 | D:5      | miscthings the Palentonga Delver began the quest for the
                  | Orb.
     0 | D:5      | Reached XP level 1. HP: 20/20 MP: 1/1
    10 | D:5      | Noticed a worker ant
    19 | D:5      | Killed a worker ant
    19 | D:5      | Reached XP level 2. HP: 3/27 MP: 2/2
    38 | D:5      | Reached XP level 3. HP: 3/33 MP: 3/3
    41 | D:5      | Noticed a sky beast
    46 | D:5      | HP: 1/33 [sky beast (3)]
    46 | D:5      | Slain by a sky beast

Illustrated notes

Levels and vault maps discovered:
D:5:      layout_gridville

Skill      XL: |  1 |
---------------+----+-----
Axes           | 3 |  3.5
Fighting       | |  3.0
Dodging        | |  1.5
Stealth        | |  3.3

Action                   || total
-------------------------++-------
Melee: Hand axe          ||    18
       Tailslap          ||     5
 Abil: Rolling Charge    ||     4
Armor: Leather armour    ||     6
Dodge: Dodged            ||    12

Table legend: (Time is in decaauts)
 A = Elapsed time spent in this place.
 B = Non-inter-level travel time spent in this place.
 C = Inter-level travel time spent in this place.
 D = Time resting spent in this place.
 E = Time spent auto-exploring this place.
 F = Levels seen in this place.
 G = Mean time per level.
                   A        B        C        D        E       F      G
               +--------+--------+--------+--------+--------+-----+--------+
         Total |     49 |     49 |      0 |      0 |     15 |   1 |   49.0 |
       Dungeon |     49 |     49 |      0 |      0 |     15 |   1 |   49.0 |
               +--------+--------+--------+--------+--------+-----+--------+

Top non-repeatable levels by time:
     D:5: 49 daAuts
